 Dungeon Crawl Stone Soup version 0.29-a0-284-gf9362112df (webtiles) character file.

Game seed: 15708659587393494018

2682 enile the Skirmisher (level 9, 0/92 HPs)
             Began as a Troll Wanderer on Mar 17, 2022.
             Was a Priest of Okawaru.
             Slain by a goblin
             ... wielding a +0 hand axe
              (3 damage)
             ... in a bailey.
             The game lasted 00:11:35 (5706 turns).

enile the Skirmisher (Troll Wanderer)               Turns: 5706, Time: 00:11:36

Health: 0/92       AC:  4    Str: 25    XL:     9   Next: 37%
Magic:  11/12      EV: 11    Int: 10    God:    Okawaru [***...]
Gold:   1428       SH:  0    Dex:  8    Spells: 9/10 levels left

rFire   . . .      SeeInvis .     - Unarmed
rCold   . . .      Faith    .   (no shield)
rNeg    . . .      Spirit   .   d - +0 robe
rPois   .          Reflect  .   (helmet restricted)
rElec   .          Harm     .   (no cloak)
rCorr   +          Rampage  .   (gloves unavailable)
Will    .....                   (boots unavailable)
Stlth   ++........              e - amulet of the acrobat
HPRegen 1.05/turn               q - ring of resist corrosion
MPRegen 0.13/turn               (no ring)

@: about to teleport, heroic
A: large, unfitting armour, claws 3, regeneration 1, shaggy fur 1, tough skin 1
a: Renounce Religion, Heroism


You were in a bailey.
You worshipped Okawaru.
Okawaru was most pleased with you.
You visited 1 branch of the dungeon, and saw 7 of its levels.
You also visited: Bailey.

You collected 1428 gold pieces.

Inventory:

Hand Weapons
 a - a +0 hand axe
 i - a +0 mace of venom
 o - a +0 great sword
 t - the +5 whip of the Fool {vorpal, rF+}
   (You found it on level 4 of the Dungeon)

   It inflicts extra damage upon your enemies.
   rF:        It protects you from fire.
 x - a +0 war axe
 B - a +0 whip
 C - a +2 antimagic trident
Missiles
 k - 17 poisoned darts (quivered)
Armour
 b - a +0 kite shield
 d - a +0 robe (worn)
 E - a +1 hat
Jewellery
 e - an amulet of the acrobat (around neck)
 q - a ring of resist corrosion (left claw)
Wands
 m - a wand of polymorph (12)
 A - a wand of iceblast (8)
Scrolls
 f - a scroll of silence
 h - a scroll of summoning
 n - a scroll of holy word
 s - a scroll of immolation
 u - a scroll of torment
 v - a scroll of amnesia
 w - a scroll of vulnerability
 y - 2 scrolls of brand weapon {unknown}
 F - a scroll of enchant armour {unknown}
Potions
 c - 2 potions of resistance {unknown}
 g - a potion of flight {unknown}
 l - 2 potions of attraction {unknown}
 p - 2 potions of lignification {unknown}
 z - a potion of curing
 D - a potion of magic {unknown}
 G - a potion of brilliance {unknown}
 I - a potion of mutation {unknown}


   Skills:
 + Level 6.5(11.5) Fighting
 - Level 1.0(6.0) Axes
 - Level 3.0(8.0) Dodging
 - Level 3.2(8.2) Shields
 - Level 4.0(9.0) Unarmed Combat
 - Level 1.0 Spellcasting
 - Level 1.2 Air Magic
 - Level 6.0 Invocations
 - Level 4.0 Evocations


You had 9 spell levels left.
You knew the following spells:

 Your Spells              Type           Power      Damage    Failure   Level
a - Shock                 Conj/Air       4%         1d3       26%         1

Your spell library contained the following spells:

 Spells                   Type           Power      Damage    Failure   Level
 Sting                    Tmut/Pois      0%         1d3       34%         1
 Poisonous Vapours        Pois/Air       2%         N/A       38%         2
 Static Discharge         Conj/Air       1%         N/A       38%         2
 Swiftness                Air            3%         N/A       52%         3
 Dazzling Flash           Conj/Hex       0%         N/A       71%         3
 Gell's Gravitas          Tloc           0%         N/A       71%         3
 Teleport Other           Tloc           0%         N/A       71%         3
 Airstrike                Air            1%         N/A       90%         4
 Dispel Undead            Necr           0%         3d6       98%         4
 Olgreb's Toxic Radiance  Pois           0%         N/A       98%         4
 Sticky Flame             Conj/Fire      0%         2d3       98%         4
 Agony                    Necr           0%         N/A       100%        5
 Silence                  Hex/Air        0%         N/A       100%        5
 Dispersal                Tloc           0%         N/A       100%        6


Dungeon Overview and Level Annotations

Branches:
Dungeon (7/15)             Temple (0/1) D:7          Bailey (1/1)

Altars:
Okawaru
Qazlal


Innate Abilities, Weirdness & Mutations

You are too large for most types of armour.
You have claws for hands.
Your natural rate of healing is unusually fast.
You are covered in fur. (AC +1)
You have tough skin. (AC +1)


Message History

The orc warrior shouts!
The orc warrior hits you with a +0 hand axe!
You gain the combat prowess of a mighty hero.
The orc warrior barely misses you.
You claw the orc warrior!
The orc warrior is moderately wounded.
The orc warrior hits you with a +0 hand axe.
The hobgoblin shouts!
You claw the orc warrior!
The orc warrior is almost dead.
The orc warrior misses you. The orc closely misses you.
You barely miss the orc warrior.
The orc warrior is almost dead.
You scratch the orc warrior.
The orc warrior is almost dead.
The orc warrior barely misses you. The orc barely misses you.
You barely miss the orc warrior.
The orc warrior is almost dead.
The orc warrior completely misses you.
The orc warrior hits you with a +0 hand axe.
The orc hits you with a +0 hand axe.
You scratch the orc warrior.
The orc warrior is almost dead.
The orc warrior hits you with a +0 hand axe.
The orc warrior hits you with a +0 hand axe!
The orc closely misses you.
You claw the orc warrior!
You kill the orc warrior!
Okawaru accepts your kill.
The orc warrior hits you with a +0 hand axe!
The goblin hits you with a +0 hand axe. The orc closely misses you.
Okay, then.
As you read the scroll of teleportation, it crumbles to dust.
You feel strangely unstable.
The orc warrior hits you with a +0 war axe!!
* * * LOW HITPOINT WARNING * * *
The orc warrior hits you with a +0 hand axe!
* * * LOW HITPOINT WARNING * * *
The goblin hits you with a +0 hand axe.
You die...

## ♣♣♣♣♣♣ #+#.###
♣♣....♣♣
###.....###♣♣......♣
##.........##.......♣♣
#...........#........♣
#...........'.......♣♣
#.....⌠.....'..∩.∩...♣
#.....g.....'.......♣♣
#....)o@....#.......♣
##....oog..##......♣♣
###..g..###♣.......♣
#o#.### ♣♣♣.♣♣♣♣♣
g.o....g### ♣♣♣
......... .........#
...⌠.....# .........#


You could see 2 orc warriors, 2 orcs, a hobgoblin and 3 goblins.

Vanquished Creatures
  Sigmund (D:6)
  A human (D:7)
  Eustachio (D:6)
  An ice beast (D:5)
  2 orc warriors
  A black bear (D:6)
  3 ogres
  A centaur (D:6)
  3 necrophages
  A bullfrog (D:6)
  2 scorpions
  Blork the orc (D:5)
  6 wights
  A howler monkey (D:6)
  6 hounds
  A jelly (D:7)
  2 orc priests
  5 iguanas
  6 orc wizards
  4 gnolls (D:5)
  5 adders
  A shadow imp (D:5)
  A white imp (D:5)
  2 worms (D:2)
  12 dart slugs
  29 orcs
  3 ball pythons
  2 bats (D:2)
  3 endoplasms
  A giant cockroach (D:1)
  11 goblins
  13 hobgoblins
  3 quokkas
  4 frilled lizards
  6 kobolds
  6 rats
151 creatures vanquished.

Notes
Turn   | Place    | Note
-------+----------+-------------------------------------------
     0 | D:1      | enile the Troll Wanderer began the quest for the Orb.
     0 | D:1      | enile set off with the following items: a +0 hand axe, a +0
                  | kite shield, a potion of curing, a +0 robe; and the
                  | following spell memorised: Shock; and the following spells
                  | available to memorise: Swiftness, Airstrike
     0 | D:1      | Reached XP level 1. HP: 19/19 MP: 1/1
   272 | D:1      | Reached skill level 1 in Unarmed Combat
   326 | D:1      | Reached XP level 2. HP: 26/27 MP: 2/2
   917 | D:2      | Reached XP level 3. HP: 28/35 MP: 3/3
  1579 | D:2      | Reached XP level 4. HP: 13/44 MP: 4/4
  1730 | D:3      | Found an iron altar of Okawaru.
  1831 | D:3      | Became a worshipper of Warmaster Okawaru
  2236 | D:4      | Reached XP level 5. HP: 53/53 MP: 5/5
  2256 | D:4      | Identified the +5 whip of the Fool {vorpal, rF+}
  2489 | D:4      | Reached XP level 6. HP: 62/65 MP: 6/6
  2855 | D:5      | Entered Level 5 of the Dungeon
  2915 | D:5      | Reached skill level 5 in Fighting
  2920 | D:5      | Reached * piety under Okawaru
  2921 | D:5      | Reached skill level 1 in Invocations
  3135 | D:5      | Noticed an ice beast
  3165 | D:5      | Killed an ice beast
  3166 | D:5      | Reached XP level 7. HP: 70/72 MP: 4/8
  3235 | D:5      | Noticed Blork the orc
  3251 | D:5      | Killed Blork the orc
  3347 | D:5      | Identified a scroll of acquirement
  3349 | D:5      | Acquired 1125 gold pieces
  3548 | D:5      | Reached ** piety under Okawaru
  3763 | D:5      | Reached skill level 1 in Dodging
  3845 | D:6      | Reached XP level 8. HP: 55/80 MP: 8/10
  3932 | D:6      | Found a stormy altar of Qazlal.
  3952 | D:6      | Noticed Eustachio
  3974 | D:6      | Killed Eustachio
  4017 | D:6      | Noticed Sigmund
  4050 | D:6      | Killed Sigmund
  4307 | D:6      | Reached *** piety under Okawaru
  4363 | D:6      | Reached skill level 5 in Invocations
  4760 | D:6      | Reached XP level 9. HP: 61/82 MP: 12/12
  5631 | D:7      | Found a flagged portal.
  5638 | Bailey   | Entered a bailey
  5706 | Bailey   | HP: 3/92 [orc warrior/+0 hand axe (12)]
  5706 | Bailey   | Slain by a goblin

Illustrated notes

Levels and vault maps discovered:
D:1:      scummos_arrival_simple_crosswalls, layout_loops_ring,
          grunt_decor_resistance, minmay_misc_feat_more_columns,
          minmay_misc_feat_tower
D:2:      layout_basic, kennysheep_nondescript, minmay_quantized
D:3:      layout_rooms, marbit_many_paths
D:4:      kennysheep_slugbush, layout_rooms, kennysheep_boxes
D:5:      layout_loops_ring, uniq_blork_the_orc
D:6:      layout_loops_ring, mainiacjoe_overflow_six_doors_small,
          grunt_decor_cap, uniq_sigmund, uniq_eustachio
D:7:      wander_river, layout_loops_ring, lemuel_zombie_altar_kikubaaqudgha,
          minmay_temple_entry_butterflies, enter_bailey_3,
          corexii_hall_statues_l, minmay_ruffians, uniq_duvessa, uniq_joseph
Bailey:   bailey_axe_minmay_hex_keep, bailey

Skill      XL: |  1  2  3  4  5  6  7  8  9 |
---------------+----------------------------+-----
Unarmed Combat | 1 2 4 |  4.0
Fighting       | 2 3 4 5 6 |  6.5
Invocations    | 3 4 5 6 |  6.0
Dodging        | 2 3 |  3.0
Evocations     | 4 |  4.0
Axes           | |  1.0
Shields        | |  3.2
Spellcasting   | |  1.0
Air Magic      | |  1.2

Action                   |  1- 3 |  4- 6 |  7- 9 || total
-------------------------+-------+-------+-------++-------
Melee: Mace              |   105 |    41 |       ||   146
       Unarmed           |    11 |    15 |   280 ||   306
       Punch             |     3 |     5 |     6 ||    14
       Whip              |       |    80 |       ||    80
Throw: Dart              |       |     2 |    14 ||    16
 Cast: Shock             |       |     3 |       ||     3
Invok: Heroism           |       |     2 |     1 ||     3
Evoke: Wand              |       |       |     1 ||     1
  Use: Potion            |     1 |       |       ||     1
       Scroll            |       |     1 |    15 ||    16
Armor: Robe              |    50 |    31 |    43 ||   124
Dodge: Dodged            |    80 |    54 |   151 ||   285

Table legend: (Time is in decaauts)
 A = Elapsed time spent in this place.
 B = Non-inter-level travel time spent in this place.
 C = Inter-level travel time spent in this place.
 D = Time resting spent in this place.
 E = Time spent auto-exploring this place.
 F = Levels seen in this place.
 G = Mean time per level.
                   A        B        C        D        E       F      G
               +--------+--------+--------+--------+--------+-----+--------+
         Total |   5784 |   5370 |    414 |    379 |   3615 |   8 |  723.0 |
       Dungeon |   5718 |   5304 |    414 |    379 |   3577 |   7 |  816.9 |
        Bailey |     66 |     66 |      0 |      0 |     38 |   1 |   66.0 |
               +--------+--------+--------+--------+--------+-----+--------+

Top non-repeatable levels by time:
     D:5: 1441 daAuts
     D:6: 1113 daAuts
     D:2: 845 daAuts
     D:1: 784 daAuts
     D:4: 698 daAuts
     D:3: 602 daAuts
     D:7: 231 daAuts
  Bailey: 66 daAuts
